 Dungeon Crawl Stone Soup version 0.28.0-43-g3370ac3207 (webtiles) character file.

Game seed: 6672074136897871501

399 Zeld the Gusty (level 6, -2/32 HPs)
             Began as a Tengu Air Elementalist on Apr 1, 2022.
             Killed from afar by mortz's ghost (4 damage)
             ... with a magic dart
             ... on level 3 of the Dungeon.
             The game lasted 00:06:53 (5708 turns).

Zeld the Gusty (Tengu Air Elementalist)             Turns: 5708, Time: 00:06:53

Health: -2/32      AC:  3    Str:  9    XL:     6   Next: 84%
Magic:  1/12       EV: 15    Int: 17    God:
Gold:   87         SH:  0    Dex: 14    Spells: 2/12 levels left

rFire   . . .      SeeInvis .   (no weapon)
rCold   . . .      Faith    .   (no shield)
rNeg    . . .      Spirit   .   a - +0 robe
rPois   .          Reflect  .   q - +0 hat
rElec   .          Harm     .   r - +0 cloak
rCorr   +          Rampage  .   (no gloves)
Will    .....                   (boots unavailable)
Stlth   ++........              (no amulet)
HPRegen 0.10/turn               k - ring of resist corrosion
MPRegen 0.13/turn               (no ring)

@: flying quickly and evasively, quick
A: beak, talons 3, nimble flight
a: no special abilities


You were on level 3 of the Dungeon.
You visited 1 branch of the dungeon, and saw 3 of its levels.
You also visited: Sewer.

You collected 87 gold pieces.

Inventory:

Armour
 a - a +0 robe (worn)
 q - a +0 hat (worn)
 r - a +0 cloak (worn)
Jewellery
 k - a ring of resist corrosion (left hand)
Scrolls
 c - 3 scrolls of fear {unknown}
 d - 4 scrolls of teleportation {unknown}
 g - 2 scrolls of identify {unknown}
 h - 2 scrolls of noise {unknown}
 i - a scroll of vulnerability {unknown}
 l - a scroll of brand weapon {unknown}
 o - a scroll of blinking {unknown}
 s - a scroll of immolation {unknown}
Potions
 b - a potion of curing {unknown}
 e - 2 potions of cancellation {unknown}
 f - a potion of invisibility {unknown}
 j - a potion of mutation {unknown}
 m - 2 potions of magic {unknown}
 n - 2 potions of haste {unknown}
 p - a potion of degeneration {unknown}
 t - a potion of heal wounds {unknown}


   Skills:
 + Level 3.5 Dodging
 - Level 3.0 Stealth
 * Level 3.9 Spellcasting
 + Level 3.5 Conjurations
 * Level 6.3 Air Magic


You had 2 spell levels left.
You knew the following spells:

 Your Spells              Type           Power      Damage    Failure   Level
a - Shock                 Conj/Air       80%        1d8       2%          1
b - Static Discharge      Conj/Air       20%        N/A       3%          2
c - Swiftness             Air            24%        N/A       3%          3
d - Airstrike             Air            12%        N/A       12%         4

Your spell library contained the following spells:

 Spells                   Type           Power      Damage    Failure   Level
 Sublimation of Blood     Necr           3%         N/A       24%         2
 Wereblood                Tmut           3%         N/A       24%         2
 Frozen Ramparts          Ice            6%         1d2       43%         3
 Ice Form                 Ice/Tmut       3%         N/A       85%         4
 Summon Ice Beast         Ice/Summ       3%         N/A       85%         4
 Summon Mana Viper        Hex/Summ       3%         N/A       99%         5
 Monstrous Menagerie      Summ           1%         N/A       100%        7
 Summon Hydra             Summ           1%         N/A       100%        7


Dungeon Overview and Level Annotations

Branches:
Dungeon (3/15)              Sewer (visited)

Altars:

Annotations:
D:3 mortz's ghost, amateur DrCj


Innate Abilities, Weirdness & Mutations

You have a beak for a mouth.
You have claws for feet.
Your magical nature lets you fly swiftly and evasively.


Message History

Mortz's ghost barely misses you.
Your magical contamination has completely faded away.
Casting: Airstrike (quite dangerous; 12% risk of failure)
Confirm with . or Enter, or press ? or * to list all spells.
Aiming: Shock (safe; 2% risk of failure)
Press: ? - help, Shift-Dir - straight line, f/p - mortz's ghost
Aim: mortz's ghost (severely damaged, 64% to hit)
The zap hits mortz's ghost.
Mortz's ghost is almost destroyed.
Mortz's ghost barely misses you.
Unknown command.
You hit mortz's ghost but do no damage. Your peck misses mortz's ghost.
Mortz's ghost is almost destroyed.
Mortz's ghost casts a spell at you. The magic dart hits you!
You hit mortz's ghost but do no damage.
You claw mortz's ghost, but do no damage.
Mortz's ghost is almost destroyed.
Mortz's ghost hits you but does no damage.
Mortz's ghost gestures at you while chanting.
The magic dart hits you.
Casting: Shock (safe; 2% risk of failure)
Confirm with . or Enter, or press ? or * to list all spells.
Aiming: Shock (safe; 2% risk of failure)
Press: ? - help, Shift-Dir - straight line, f/p - mortz's ghost
Aim: mortz's ghost (almost destroyed, 64% to hit)
The zap hits mortz's ghost.
Mortz's ghost is almost destroyed.
Mortz's ghost mispronounces a nearly unspeakable incantation.
Unknown command.
Mortz's ghost gestures at you while chanting.
The magic dart hits you. Mortz's ghost casts a spell at you.
The magic dart hits you.
Mortz's ghost points at you and mumbles some strange words.
The magic dart hits you!
* * * LOW HITPOINT WARNING * * *
Mortz's ghost casts a spell at you. The magic dart hits you.
You die...

#(####.....)#.#####.###.##......#
#.#.........#........|..........#
#.#.##.....############.#.......#
#.#.#######.............#.......#
#.#.# #.#############........
#.#.# #####.#### #........ #[#.#
#.......=##########.#.####. #.#.#
#........##[......#.#.# ## #.#.#
#.........@.......#.#W# #.#.#
#........##.......#<#.# #.#.#
#........##......W###.# #.#.#
#........##...........# #.#.#
#........##.......##### #.#.#
#........########## #.#.#
########## #.#.# #.#.#


You could see mortz's ghost.

Vanquished Creatures
  Pargi (Sewer)
  3 orc priests (D:3)
  An orc wizard (D:3)
  5 gnolls
  5 adders
  A shadow imp (D:3)
  A worm (D:2)
  3 dart slugs
  5 orcs (D:3)
  6 ball pythons
  7 endoplasms
  5 giant cockroaches
  6 goblins
  A hobgoblin (D:3)
  3 jackals (D:3)
  8 quokkas
  9 bats
  6 frilled lizards
  9 kobolds
  5 rats
90 creatures vanquished.

Vanquished Creatures (others)
  6 fungi (D:1)
  A plant (D:1)
7 creatures vanquished.

Grand Total: 97 creatures vanquished

Notes
Turn   | Place    | Note
-------+----------+-------------------------------------------
     0 | D:1      | Zeld the Tengu Air Elementalist began the quest for the
                  | Orb.
     0 | D:1      | Reached XP level 1. HP: 10/10 MP: 4/4
   224 | D:1      | Reached XP level 2. HP: 15/15 MP: 4/6
   594 | D:1      | Reached XP level 3. HP: 7/19 MP: 0/7
   597 | D:1      | Learned a level 2 spell: Static Discharge
   601 | D:1      | Learned a level 3 spell: Swiftness
  1215 | D:1      | Found a faded altar of an unknown god.
  1502 | D:2      | Reached XP level 4. HP: 11/24 MP: 2/9
  1516 | D:2      | Reached skill level 5 in Air Magic
  2038 | D:2      | Gained mutation: Your magical nature lets you fly swiftly
                  | and evasively. [Tengu growth]
  2038 | D:2      | Reached XP level 5. HP: 28/28 MP: 6/10
  2074 | D:2      | Learned a level 4 spell: Airstrike
  2198 | D:2      | Identified the +2 helmet of Limited Liability {Regen+
                  | Int+4}
  2996 | D:3      | Found a glowing drain.
  3006 | Sewer    | Entered a sewer
  3130 | Sewer    | Noticed Pargi
  4371 | Sewer    | Killed Pargi
  4372 | Sewer    | Reached XP level 6. HP: 32/32 MP: 0/12
  4898 | D:3      | Reached skill level 6 in Air Magic
  4945 | D:3      | Found a runed translucent door.
  5003 | D:3      | Noticed mortz's ghost (amateur DrCj)
  5708 | D:3      | Killed from afar by mortz's ghost

Illustrated notes

Levels and vault maps discovered:
D:1:      dpeg_arrival_pond, layout_loops_ring,
          shapermc_ecumenical_altar_hornbeckon
D:2:      minmay_spotlight, layout_loops_ring
D:3:      layout_basic, gup_sewer_entry_bubbles, ebering_ghost_reflecting_pool

Skill      XL: |  1  2  3  4  5  6 |
---------------+-------------------+-----
Conjurations   | 2 3 |  3.5
Air Magic      | 5 6 |  6.3
Spellcasting   | 3 |  3.9
Dodging        | 3 |  3.5
Stealth        | 3 |  3.0

Action                   |  1- 3 |  4- 6 || total
-------------------------+-------+-------++-------
Melee: Unarmed           |    12 |    18 ||    30
       Kick              |     5 |     6 ||    11
       Peck              |     2 |     4 ||     6
 Cast: Shock             |    66 |   121 ||   187
       Airstrike         |       |    16 ||    16
       Static Discharge  |       |     7 ||     7
Armor: Robe              |     4 |     9 ||    13
Dodge: Dodged            |    13 |    51 ||    64
